 Dungeon Crawl Stone Soup version 0.24.1-14-gf8d2b509d9 (webtiles) character file.

Game seed: 2473222571821103683, levelgen mode: deterministic

145 Gildeon the Cudgeler (level 5, -1/32 HPs)
             Began as a Gargoyle Fighter on Mar 25, 2021.
             Slain by Grinder (2 damage)
             ... on level 3 of the Dungeon.
             The game lasted 00:06:58 (1931 turns).

Gildeon the Cudgeler (Gargoyle Fighter)             Turns: 1931, Time: 00:07:05

Health: -1/32      AC: 10    Str: 26    XL:     5   Next: 27%
Magic:  0/5        EV:  7    Int:  8    God:
Gold:   210        SH:  9    Dex:  9    Spells: 4/4 levels left

rFire    . . .     SeeInvis .   a - +0 flail
rCold    . . .     Gourm    +   c - +0 shield
rNeg     + . .     Faith    .   b - +0 scale mail
rPois    ∞         Spirit   +   (no helmet)
rElec    +         Reflect  .   m - scarf {Spirit}
rCorr    .         Harm     .   (no gloves)
MR       .....                  j - +0 pair of boots
Stlth    ..........             n - amulet of the gourmand
HPRegen  0.10/turn              s - +2 ring of slaying
MPRegen  0.09/turn              t - -2 ring of protection (curse)

@: mighty
A: hooves 1, blurry vision 1, negative energy resistance 1, sense surroundings
1, electricity resistance, unbreathing, petrification resistance, rot immunity,
AC +4
a: no special abilities


You were on level 3 of the Dungeon.
You were completely stuffed.

You visited 1 branch of the dungeon, and saw 3 of its levels.

You collected 210 gold pieces.

Inventory:

Hand Weapons
 a - a +0 flail (weapon)
Armour
 b - a +0 scale mail (worn)
 c - a +0 shield (worn)
 i - a +0 pair of gloves
 j - a +0 pair of boots (worn)
 m - a scarf of spirit shield (worn)
Jewellery
 g - an uncursed amulet of the acrobat
 n - an amulet of the gourmand (around neck)
 s - a +2 ring of slaying (left hand)
 t - a cursed -2 ring of protection (right hand)
Wands
 u - a wand of random effects (19)
Scrolls
 k - 2 scrolls of identify {unknown}
 l - a scroll of fear {unknown}
 q - a scroll of remove curse {unknown}
Potions
 e - a potion of heal wounds {unknown}
 h - a potion of haste {unknown}
 o - a potion of mutation
 p - 2 potions of magic {unknown}
 r - a potion of berserk rage {unknown}
Comestibles
 f - 7 rations


   Skills:
 + Level 3.4 Fighting
 * Level 5.2 Maces & Flails
 - Level 3.2 Armour
 - Level 3.2 Shields


You had 4 spell levels left.
You didn't know any spells.
Your spell library was empty.

Dungeon Overview and Level Annotations

Branches:
Dungeon (3/15)

Altars:
Fedhas
Gozag

Annotations:
D:3 Grinder


Innate Abilities, Weirdness & Mutations

You are resistant to torment.
Your stone body is resilient. (AC +4)
You are immune to poison.
You resist negative energy. (rN+)
You are resistant to electric shocks. (rElec)
You can survive without breathing.
You are immune to petrification.
You are immune to rotting.
You have large cloven feet.
Scrolls take you a little longer to read.
You passively map a small area around you.


Message History

Grinder hits you.
* * * LOW HITPOINT WARNING * * *
You writhe in agony.
Grinder hits you but does no damage.
You can move again.
You closely miss Grinder.
Grinder is moderately wounded.
Grinder hits you.
* * * LOW HITPOINT WARNING * * *
You writhe in agony.
* * * LOW HITPOINT WARNING * * *
Unknown command.
It was a potion of mutation.
You feel extremely strange.
Your vision blurs.
You feel a strange attunement to the structure of the dungeons.
Your feet thicken and deform.
Grinder hits you.
* * * LOW HITPOINT WARNING * * *
You writhe in agony.
You die...

##### * * #.... ####
#....* ...#
#....###...##### ** ,
#...............
#...............
#................
#..5@..##........
#####+#.%......#
###..(..>......+ ,
#.............$# ###
#..............# #.##
#..........#######.##
#......#(............
#..........#####÷.)..
#.#.######..........#


You could see Grinder.

Vanquished Creatures
  7 adders
  A shadow imp (D:3)
  An ooze (D:2)
  A dart slug (D:1)
  2 leopard geckos (D:2)
  An orc (D:3)
  2 ball pythons
  7 giant cockroaches
  8 hobgoblins
  7 jackals
  6 kobolds
  4 bats
  4 frilled lizards
  4 goblins
  10 rats
65 creatures vanquished.

Notes
Turn   | Place    | Note
-------+----------+-------------------------------------------
     0 | D:1      | Gildeon the Gargoyle Fighter began the quest for the Orb.
     0 | D:1      | Reached XP level 1. HP: 14/14 MP: 1/1
    98 | D:1      | Reached XP level 2. HP: 19/19 MP: 2/2
   506 | D:1      | Reached skill level 3 in Maces & Flails
   688 | D:1      | Reached XP level 3. HP: 19/23 MP: 3/3
   934 | D:2      | Found an opulent altar of Gozag.
   984 | D:2      | Reached skill level 4 in Maces & Flails
  1024 | D:2      | Reached XP level 4. HP: 24/28 MP: 4/4
  1324 | D:2      | Found a blossoming altar of Fedhas.
  1780 | D:3      | Reached skill level 5 in Maces & Flails
  1780 | D:3      | Reached XP level 5. HP: 26/32 MP: 5/5
  1902 | D:3      | Noticed Grinder
  1917 | D:3      | Paralysed by Grinder for 5 turns
  1924 | D:3      | Paralysed by Grinder for 6 turns
  1931 | D:3      | Gained mutation: Scrolls take you a little longer to read.
                  | [potion of mutation]
  1931 | D:3      | Gained mutation: You passively map a small area around you.
                  | [potion of mutation]
  1931 | D:3      | Gained mutation: You have large cloven feet. [potion of
                  | mutation]
  1931 | D:3      | HP: 1/32 [Grinder (5)]
  1931 | D:3      | Slain by Grinder

Levels and vault maps discovered:
D:1:      minmay_arrival_four_houses, layout_basic, minmay_tromino_v7
D:2:      layout_basic, fedhas_altar_4, lemuel_round_altar, first_ration
D:3:      layout_basic, uniq_grinder

Skill      XL: |  1  2  3  4 |
---------------+-------------+-----
Maces & Flails | 3 4 5 |  5.2
Fighting       | |  3.4
Armour         | |  3.2
Shields        | |  3.2

Action                   |  1- 3 |  4- 6 || total
-------------------------+-------+-------++-------
Melee: Flail             |   155 |   141 ||   296
  Use: Potion            |       |     2 ||     2
  Eat: Chunk             |     1 |    20 ||    21
Armor: Scale mail        |    97 |    62 ||   159
Dodge: Dodged            |    65 |    45 ||   110
Block: Shield            |    87 |    81 ||   168
